 Dungeon Crawl Stone Soup version 0.28-a0-1202-g1e6f1b2279 (webtiles) character file.

Game seed: 4739110298224544942

33 Conn the Firebug (level 3, 0/21 HPs)
             Began as an Octopode Fire Elementalist on Dec 20, 2021.
             Succumbed to an adder's poison
             ... on level 2 of the Dungeon.
             The game lasted 00:03:13 (1256 turns).

Conn the Firebug (Octopode Fire Elementalist)       Turns: 1256, Time: 00:03:14

Health: 0/21       AC:  1    Str:  6 (7)  XL:     3   Next: 29%
Magic:  5/6        EV: 13    Int: 17 (19) God:
Gold:   51         SH:  0    Dex: 11 (12) Spells: 5/6 levels left

rFire   . . .      SeeInvis .   (no weapon)
rCold   . . .      Faith    .   (no shield)
rNeg    . . .      Spirit   .   (helmet restricted)
rPois   .          Reflect  .   (no amulet)
rElec   .          Harm     .   (no ring)
rCorr   .          Rampage  .   (no ring)
Will    .....                   (no ring)
Stlth   +++.......              (no ring)
HPRegen 0.07/turn               (no ring)
MPRegen 0.10/turn               (no ring)
                                (no ring)
                                (no ring)

@: lethally poisoned (0 -> -2)
A: almost no armour, amphibious, 8 rings, camouflage 1, gelatinous body 1,
(nimble swimmer 1), tentacles
a: no special abilities


You were on level 2 of the Dungeon.
You visited 1 branch of the dungeon, and saw 2 of its levels.

You collected 51 gold pieces.

Inventory:

Missiles
 c - 8 poisoned darts
Scrolls
 a - 2 scrolls of immolation


   Skills:
 + Level 2.2 Dodging
 + Level 3.1 Stealth
 + Level 2.4 Spellcasting
 + Level 1.2 Conjurations
 + Level 3.5 Fire Magic


You had 5 spell levels left.
You knew the following spells:

 Your Spells              Type           Power      Damage    Failure   Level
a - Foxfire               Conj/Fire      40%        2x1d6     7%          1

Your spell library contained the following spells:

 Spells                   Type           Power      Damage    Failure   Level
 Scorch                   Fire           26%        2d6       7%          2
 Conjure Flame            Conj/Fire      10%        6-21      22%         3
 Inner Flame              Hex/Fire       7%         N/A       26%         3
 Flame Wave               Conj/Fire      10%        2d5       56%         4


Dungeon Overview and Level Annotations

Branches:
Dungeon (2/15)

Altars:

Shops:
D:1 !


Innate Abilities, Weirdness & Mutations

You cannot wear most types of armour.
You are amphibious.
You can wear up to eight rings at the same time.
Your skin changes colour to match your surroundings (Stealth+).
Your rubbery body absorbs attacks. (AC +1, EV +1)
((You are camouflaged near water. (Stealth+)))
You have tentacles for arms and can constrict up to eight enemies at once.


Message History

The adder bites you. The adder misses you.
You closely miss the adder. Your grab misses the adder.
Your squeeze misses the adder. The adder barely misses you.
You tentacle-slap the adder. Your grab misses the adder.
The adder is lightly wounded.
The adder bites you but does no damage.
You closely miss the adder. Your grab misses the adder.
The adder is lightly wounded.
The adder barely misses you. The adder bites you.
You are poisoned.
The adder poisons you!
You closely miss the adder. Your grab misses the adder.
The adder is lightly wounded.
You feel sick. The adder bites you.
You are more poisoned.
The adder poisons you!
Unknown command.
It was a potion of degeneration.
There was something very wrong with that liquid.
You feel weakened.
You feel dopey.
You feel clumsy.
You feel sick. The adder closely misses you.
You aren't carrying any potions.
As you read the scroll labelled LUC PEGHEYKIFO, it crumbles to dust.
The scroll dissolves into smoke.
It was a scroll of fog.
You feel sick. The adder bites you. The adder misses you.
This is a scroll of acquirement!
Something appears before you!
You feel sick. The adder barely misses you.
You aren't carrying any potions.
As you read the scroll labelled WEEMUJ XEORIF HUEN, it crumbles to dust.
The creatures around you are filled with an inner flame!
It was a scroll of immolation.
You feel sick. The adder bites you.
* * * LOW HITPOINT WARNING * * *
* * * LOW HITPOINT WARNING * * *
You feel sick.
* * * LOW HITPOINT WARNING * * *
You feel sick. The adder misses you.
Casting: Foxfire (safe; 7% risk of failure)
Confirm with . or Enter, or press ? or * to list all spells.
You conjure some foxfire!
You die...

# #.#
. #.#
# #.#
#.##
#..#
##.#
###§#
#vv§#
#@###
#S#
#§#
#§#
#§§
#..#
#..#
...#
##..


You could see an adder (inner flame, ally target).

Vanquished Creatures
  A dart slug (D:1)
  4 ball pythons (D:1)
  4 bats (D:1)
  2 endoplasms (D:1)
  2 giant cockroaches (D:1)
  2 goblins (D:1)
  A hobgoblin (D:1)
  3 jackals (D:1)
  3 kobolds (D:1)
  4 frilled lizards (D:1)
  3 rats (D:1)
29 creatures vanquished.

Vanquished Creatures (others)
  86 foxfires (D:1)
86 creatures vanquished.

Grand Total: 115 creatures vanquished

Notes
Turn   | Place    | Note
-------+----------+-------------------------------------------
     0 | D:1      | Conn the Octopode Fire Elementalist began the quest for the
                  | Orb.
     0 | D:1      | Reached XP level 1. HP: 11/11 MP: 3/3
   154 | D:1      | Reached XP level 2. HP: 17/17 MP: 1/5
   432 | D:1      | Found Edungu's Distillery.
   663 | D:1      | Found a faded altar of an unknown god.
   672 | D:1      | Reached XP level 3. HP: 10/21 MP: 0/6
  1252 | D:2      | Identified a scroll of acquirement
  1252 | D:2      | Acquired a +0 hat of intelligence
  1255 | D:2      | HP: 1/21 [poisoned by an adder]
  1256 | D:2      | Succumbed to an adder's poison

Illustrated notes

Levels and vault maps discovered:
D:1:      heliophobic_arrival_battle_scene, layout_rooms,
          chequers_ecumenical_altar_simple, serial_shops, shop,
          minmay_close_crescents
D:2:      cheibrodos_old_hovel, layout_loops_cross

Skill      XL: |  1  2 |
---------------+-------+-----
Stealth        | 3 |  3.1
Dodging        | |  2.2
Spellcasting   | |  2.4
Conjurations   | |  1.2
Fire Magic     | |  3.5

Action                   || total
-------------------------++-------
Melee: Unarmed           ||    10
       Constrict         ||     4
       Tentacles         ||     2
 Cast: Foxfire           ||    52
  Use: Scroll            ||     3
       Potion            ||     1
Armor: Skin              ||     3
Dodge: Dodged            ||    29

Table legend: (Time is in decaauts)
 A = Elapsed time spent in this place.
 B = Non-inter-level travel time spent in this place.
 C = Inter-level travel time spent in this place.
 D = Time resting spent in this place.
 E = Time spent auto-exploring this place.
 F = Levels seen in this place.
 G = Mean time per level.
                   A        B        C        D        E       F      G
               +--------+--------+--------+--------+--------+-----+--------+
         Total |   1255 |   1240 |     15 |      0 |    986 |   2 |  627.5 |
       Dungeon |   1255 |   1240 |     15 |      0 |    986 |   2 |  627.5 |
               +--------+--------+--------+--------+--------+-----+--------+

Top non-repeatable levels by time:
     D:1: 1196 daAuts
     D:2: 59 daAuts
